 Dungeon Crawl Stone Soup version 0.29.0-4-gdea44cf6ec (webtiles) character file.

Game seed: 4363369228042419935

84 Bartlander the Shooter (level 4, 0/34 HPs)
             Began as a Barachi Hunter on Aug 26, 2022.
             Slain by an orc priest
             ... wielding a +0 mace
              (5 damage)
             ... on level 3 of the Dungeon.
             The game lasted 00:10:07 (2804 turns).

Bartlander the Shooter (Barachi Hunter)             Turns: 2804, Time: 00:10:08

Health: 0/34       AC:  7    Str: 12    XL:     4   Next: 45%
Magic:  4/4        EV: 12    Int:  9    God:
Gold:   139        SH:  0    Dex: 18    Spells: 3/3 levels left

rFire   . . .      SeeInvis .   b - +0 arbalest
rCold   . . .      Faith    .   (shield currently unavailable)
rNeg    . . .      Spirit   .   c - +1 leather armour
rPois   .          Reflect  .   (no helmet)
rElec   .          Harm     .   s - +2 cloak
rCorr   .          Rampage  .   (no gloves)
Will    .....                   (no boots)
Stlth   ++........              (no amulet)
HPRegen 0.11/turn               (no ring)
MPRegen 0.09/turn               (no ring)

@: slow
A: amphibious, slowness 1, strong legs 1, +LOS
a: Hop


You were on level 3 of the Dungeon.
You visited 1 branch of the dungeon, and saw 3 of its levels.

You collected 139 gold pieces.

Inventory:

Hand Weapons
 a - a +0 shortbow
 b - a +0 arbalest (weapon)
Armour
 c - a +1 leather armour (worn)
 s - a +2 cloak (worn)
Jewellery
 q - a ring of fire
Scrolls
 e - 3 scrolls of enchant armour
 k - a scroll of immolation
 n - a scroll of brand weapon {unknown}
 o - a scroll of identify
Potions
 d - a potion of degeneration
 f - 3 potions of resistance
 g - a potion of magic
 h - a potion of attraction {unknown}
 i - a potion of heal wounds {unknown}
 j - 3 potions of curing {unknown}
 l - a potion of mutation {unknown}
 m - a potion of berserk rage {unknown}
 p - a potion of invisibility {unknown}
 r - a potion of might {unknown}


   Skills:
 - Level 2.6 Fighting
 + Level 5.5 Ranged Weapons
 - Level 2.4 Dodging
 - Level 1.2 Stealth


You had 3 spell levels left.
You didn't know any spells.
Your spell library was empty.

Dungeon Overview and Level Annotations

Branches:
Dungeon (3/15)

Altars:
Cheibriados
Xom

Shops:
D:1 *


Innate Abilities, Weirdness & Mutations

You are amphibious.
You cover ground slowly.
You can hop short distances.
You have an extended range of vision and can be seen from far away.


Message History

The orc priest is severely wounded.
The orc priest miscasts a cantrip.
Fire: b) +0 arbalest
Press: ? - help, Q - select action, (/) - cycle Shift-Dir - straight line, f/p - orc priest
Aim: an orc priest, wielding a +0 mace and wearing a +0 leather armour (severely wounded, 59% to hit)
You shoot a bolt. The bolt barely misses the orc priest.
The orc priest barely misses you.
Fire: b) +0 arbalest
Press: ? - help, Q - select action, (/) - cycle Shift-Dir - straight line, f/p - orc priest
Aim: an orc priest, wielding a +0 mace and wearing a +0 leather armour (severely wounded, 59% to hit)
You shoot a bolt. The bolt barely misses the orc priest.
The orc priest closely misses you.
The orc priest mumbles some strange prayers to Beogh against you.
Pain shoots through your body!
Fire: b) +0 arbalest
Press: ? - help, Q - select action, (/) - cycle Shift-Dir - straight line, f/p - orc priest
Aim: an orc priest, wielding a +0 mace and wearing a +0 leather armour (severely wounded, 59% to hit)
You shoot a bolt. The bolt hits the orc priest.
The orc priest is almost dead.
The orc priest invokes the aid of Beogh against you.
Beogh smites you! The orc priest misses you.
Fire: b) +0 arbalest
Press: ? - help, Q - select action, (/) - cycle Shift-Dir - straight line, f/p - orc priest
Aim: an orc priest, wielding a +0 mace and wearing a +0 leather armour (almost dead, 59% to hit)
You shoot a bolt. The bolt barely misses the orc priest.
The orc priest hits you with a +0 mace.
* * * LOW HITPOINT WARNING * * *
Fire: b) +0 arbalest
Press: ? - help, Q - select action, (/) - cycle Shift-Dir - straight line, f/p - orc priest
Aim: an orc priest, wielding a +0 mace and wearing a +0 leather armour (almost dead, 59% to hit)
You shoot a bolt. The bolt barely misses the orc priest.
The orc priest hits you but does no damage. x2
Fire: b) +0 arbalest
Press: ? - help, Q - select action, (/) - cycle Shift-Dir - straight line, f/p - orc priest
Aim: an orc priest, wielding a +0 mace and wearing a +0 leather armour (almost dead, 59% to hit)
You shoot a bolt. The bolt closely misses the orc priest.
The orc priest hits you with a +0 mace.
* * * LOW HITPOINT WARNING * * *
The orc priest hits you with a +0 mace.
You die...

..# #.# ####......<.....<...#
...# #.# ###....##.......##....#
#..###.# #...#.#...............##
#..#...# #.###.......#####......#
#....#####.# ###..⌠.# .>.##.⌠...#
#..#.###...# #...# ....##....#
.........### #..#####....##..##
.##......### #o##8.8##....##.#
.##.##.....#####@#...).#.....#.#
..#.##.###.....#.#.._..#.._..#.##
≈.#.##..######...#.....#.....#...
........### ##..##....##8.8##...
8...###...## #...##....#####....
.....# ##..####....##.....##.....
≈....####...#.....⌠.##...##.⌠....
.....................##'##.......
###...#..........................


You could see an orc priest.

Vanquished Creatures
  2 adders (D:2)
  A worm (D:3)
  5 dart slugs
  2 orcs (D:3)
  4 endoplasms
  A giant cockroach (D:2)
  6 goblins
  3 hobgoblins
  A jackal (D:2)
  3 kobolds
  3 quokkas (D:1)
  8 ball pythons
  4 bats (D:2)
  3 frilled lizards
  2 rats
48 creatures vanquished.

Vanquished Creatures (others)
  2 plants (D:2)
2 creatures vanquished.

Grand Total: 50 creatures vanquished

Notes
Turn   | Place    | Note
-------+----------+-------------------------------------------
     0 | D:1      | Bartlander the Barachi Hunter began the quest for the Orb.
     0 | D:1      | Reached XP level 1. HP: 17/17 MP: 1/1
   466 | D:1      | Reached skill level 1 in Stealth
   635 | D:1      | Reached XP level 2. HP: 23/23 MP: 2/2
   829 | D:1      | Found Cisagiam's General Store.
  1353 | D:2      | Reached XP level 3. HP: 28/28 MP: 3/3
  1589 | D:2      | Reached skill level 5 in Ranged Weapons
  1619 | D:2      | Found a faded altar of an unknown god.
  1817 | D:2      | Reached XP level 4. HP: 12/34 MP: 4/4
  2626 | D:3      | Found a faded altar of an unknown god.
  2633 | D:3      | Found a snail-covered altar of Cheibriados.
  2671 | D:3      | Found a shimmering altar of Xom.
  2804 | D:3      | Slain by an orc priest

Illustrated notes

Levels and vault maps discovered:
D:1:      beargit_arrival_diablo_church, layout_basic, serial_shops,
          nicolae_shop_crystal
D:2:      layout_loops_ring, shapermc_ecumenical_altar_acropolis,
          serial_bayou_pond_c, kennysheep_donut, minmay_cut_off
D:3:      layout_rooms, nicolae_overflow_ecumenical_swirl,
          mainiacjoe_overflow_catwalk, grunt_ministairs_12

Skill      XL: |  1  2  3 |
---------------+----------+-----
Stealth        | 1 |  1.2
Ranged Weapons | 5 |  5.5
Fighting       | |  2.6
Dodging        | |  2.4

Action                   |  1- 3 |  4- 6 || total
-------------------------+-------+-------++-------
 Fire: Shortbow          |    40 |       ||    40
       Arbalest          |    44 |    30 ||    74
 Abil: Hop               |     2 |     1 ||     3
  Use: Scroll            |     4 |     8 ||    12
Armor: Leather armour    |     7 |     2 ||     9
Dodge: Dodged            |    23 |     6 ||    29
